 Dungeon Crawl Stone Soup version 0.25-a0-156-g0c4bda3fdf (webtiles) character file.

Game seed: 3411079713734903254, levelgen mode: deterministic

1889 Esekla the Magician (level 8, 0/58 HPs)
             Began as a Demonspawn Wanderer on Nov 20, 2019.
             Succumbed to a water moccasin's poison
             ... on level 8 of the Dungeon.
             The game lasted 01:44:09 (9883 turns).

Esekla the Magician (Demonspawn Wanderer)           Turns: 9883, Time: 01:44:10

Health: 0/58       AC:  9    Str: 19    XL:     8   Next: 92%
Magic:  16/16      EV: 12    Int: 15    God:
Gold:   452        SH:  0    Dex: 12    Spells: 9/18 levels left

rFire    + . .     SeeInvis .   f - +3 falchion
rCold    + . .     Gourm    .   (no shield)
rNeg     . . .     Faith    .   y - +2 leather armour {rPois}
rPois    +         Spirit   .   (no helmet)
rElec    +         Reflect  .   (no cloak)
rCorr    +         Harm     .   (no gloves)
MR       .....                  m - +0 pair of boots
Stlth    ++........             (no amulet)
HPRegen  0.19/turn              (no ring)
MPRegen  0.15/turn              (no ring)

@: mighty, lethally poisoned (0 -> -2), resistant
A: claws 2, thin metallic scales 2, powered by death 1, powered by pain 1
a: no special abilities


You were on level 8 of the Dungeon.
You were very hungry.

You visited 1 branch of the dungeon, and saw 8 of its levels.

You collected 477 gold pieces.
You spent 25 gold pieces at shops.

Inventory:

Hand Weapons
 f - a +3 falchion (weapon)
 s - a +1 falchion
 t - a +1 trident of flaming
 v - a +0 vampiric short sword
 D - a +4 war axe
 J - a +3 executioner's axe of freezing
Missiles
 e - 13 poisoned darts
 q - 6 boomerangs (quivered)
Armour
 m - a +0 pair of boots (worn)
 y - a +2 leather armour of poison resistance (worn)
 G - a +2 robe of magic resistance
 H - a scarf of resistance
Jewellery
 n - an uncursed ring of ice
 C - an uncursed ring of fire
Wands
 w - a wand of scattershot (1)
 B - a wand of paralysis (7)
Scrolls
 a - 2 scrolls of enchant armour {unknown}
 b - a scroll of enchant weapon
 c - 4 scrolls of identify
 d - 2 scrolls of blinking {unknown}
 h - a scroll of magic mapping {unknown}
 i - a scroll of random uselessness {unknown}
 o - a scroll of fear {unknown}
 p - a scroll of amnesia {unknown}
 r - 3 scrolls of remove curse
 A - 2 scrolls of torment {unknown}
 E - a scroll of holy word {unknown}
 F - a scroll of immolation
Potions
 j - a potion of cancellation
 k - a potion of brilliance
 u - a potion of resistance
 x - a potion of magic
Comestibles
 g - 2 rations


   Skills:
 + Level 3.1 Fighting
 - Level 1.4(2.6) Short Blades
 * Level 3.4(3.6) Long Blades
   Level 1.0 Staves
 * Level 2.3 Armour
 + Level 1.5 Dodging
 - Level 2.6 Stealth
   Level 1.0 Shields
 * Level 5.9 Spellcasting
 * Level 4.2 Conjurations
 + Level 3.2 Air Magic
 * Level 4.5 Poison Magic


You had 9 spell levels left.
You knew the following spells:

 Your Spells              Type           Power        Failure   Level  Hunger
c - Mephitic Cloud        Conj/Pois/Air  ###.....     10%         3    ###....
v - Poisonous Vapours     Pois/Air       ###...       5%          2    #......
x - Olgreb's Toxic Radia  Pois           ###.....     26%         4    ####...

Your spell library contained the following spells:

 Spells                   Type           Power        Failure   Level  Hunger
 Sting                    Conj/Pois      ###.         3%          1    None
 Summon Small Mammal      Summ           #...         19%         1    None
 Spider Form              Tmut/Pois      ##........   22%         3    ###....
 Call Canine Familiar     Summ           #.......     47%         3    ###....
 Venom Bolt               Conj/Pois      ###.......   63%         5    ######.


Dungeon Overview and Level Annotations

Branches:
Dungeon (8/15)             Temple (0/1) D:4
   Lair: D:8-11

Altars:
Elyvilon
Gozag
Hepliaklqana
Makhleb
Qazlal
Sif Muna
Uskayaw
Xom
Yredelemnul
Zin
The Shining One

Shops:
D:7 *

Annotations:
D:8 Erica


Innate Abilities, Weirdness & Mutations

You have very sharp fingernails.
You are mostly covered in thin metallic scales. (AC +3)
You regenerate a little health from kills.
You sometimes gain a little power by taking damage.


Message History

You feel sick.
* * * LOW HITPOINT WARNING * * *
You feel sick.
* * * LOW HITPOINT WARNING * * *
You feel sick.
* * * LOW HITPOINT WARNING * * *
You feel sick.
* * * LOW HITPOINT WARNING * * *
You feel sick.
* * * LOW HITPOINT WARNING * * *
You feel sick.
There is an escape hatch in the floor here.
* * * LOW HITPOINT WARNING * * *
You feel sick.
You slide downwards.
The hatch slams shut behind you.
Level annotation: Erica
There is a lethal amount of poison in your body!
* * * LOW HITPOINT WARNING * * *
You feel sick.
You die...

.##...z.... ....#.#
.##........
......###
>'...P.....
.Y.......
.###....### .#
#z....)..
.##.P...## .#
#........
.##...P..# #.#
#....†...
.##..##..###.#####
#<.......
........{...[....#
##.......
#...............@#
.......
#....)...........#
.......
#..........<######
.......
#......(...........
.......
####'#####'#..o....
####### ##....#
#.#....... .'....#
#.#......^ ##....#
#......... ##....#
##.z......


There were no monsters in sight!

Vanquished Creatures
  Eustachio (D:6)
  2 water moccasins (D:7)
  An orc warrior (D:6)
  A phantom (D:6)
  2 ogres (D:5)
  A bullfrog (D:6)
  A scorpion (D:6)
  A wight (D:8)
  2 howler monkeys
  A crimson imp (D:8)
  A hound (D:6)
  2 jellies
  A bullfrog skeleton (D:8)
  9 orc wizards
  8 orc priests
  Ijyb (D:4)
  A worker ant (D:5)
  8 gnolls
  5 adders
  2 oozes
  An adder zombie (D:8)
  4 worms
  2 dart slugs
  5 leopard geckos
  28 orcs
  2 ball pythons
  11 bats
  6 giant cockroaches
  2 gnoll zombies (D:8)
  9 goblins
  8 hobgoblins
  4 jackals
  2 quokkas
  9 frilled lizards
  8 kobolds
  A quokka skeleton (D:6)
  A quokka zombie (D:5)
  6 rats
160 creatures vanquished.

Vanquished Creatures (others)
  A withered plant (D:8)
1 creature vanquished.

Grand Total: 161 creatures vanquished

Notes
Turn   | Place    | Note
-------+----------+-------------------------------------------
     0 | D:1      | Esekla the Demonspawn Wanderer began the quest for the Orb.
     0 | D:1      | Esekla set off with the following items: a +0 club, a +0
                  | robe, a +0 dagger, a ration; and the following spells
                  | available to memorise: Sting, Summon Small Mammal,
                  | Poisonous Vapours, Spider Form, Mephitic Cloud, Call Canine
                  | Familiar, Olgreb's Toxic Radiance, Venom Bolt
     0 | D:1      | Reached XP level 1. HP: 16/16 MP: 3/3
   749 | D:1      | Gained mutation: You sometimes gain a little power by
                  | taking damage. [demonic ancestry]
   749 | D:1      | Reached XP level 2. HP: 21/22 MP: 5/5
   755 | D:1      | Learned a level 2 spell: Poisonous Vapours
  1045 | D:1      | Reached skill level 1 in Short Blades
  1074 | D:1      | Gained mutation: You regenerate a little health from kills.
                  | [demonic ancestry]
  1074 | D:1      | Reached XP level 3. HP: 20/28 MP: 2/6
  1373 | D:2      | Learned a level 3 spell: Mephitic Cloud
  1978 | D:2      | Found a burning altar of Makhleb.
  2161 | D:2      | Reached skill level 1 in Conjurations
  2161 | D:2      | Gained mutation: You are partially covered in thin metallic
                  | scales. (AC +2) [demonic ancestry]
  2161 | D:2      | Reached XP level 4. HP: 25/34 MP: 1/8
  2515 | D:3      | Reached skill level 3 in Spellcasting
  2865 | D:3      | Found an opulent altar of Gozag.
  2993 | D:3      | Reached skill level 1 in Air Magic
  3052 | D:3      | Reached XP level 5. HP: 29/39 MP: 0/10
  4353 | D:4      | Found a shimmering blue altar of Sif Muna.
  4356 | D:4      | Found a staircase to the Ecumenical Temple.
  4356 | D:4      | Noticed an ice beast
  4379 | D:4      | Found a hazy altar of Hepliaklqana.
  4380 | D:4      | Found a shimmering altar of Xom.
  4380 | D:4      | Noticed a hell beast
  4382 | D:4      | Noticed a spectral ugly thing
  4382 | D:4      | Noticed a hell beast
  4529 | D:4      | Reached skill level 4 in Spellcasting
  4529 | D:4      | Gained mutation: You have sharp fingernails. [demonic
                  | ancestry]
  4529 | D:4      | Reached XP level 6. HP: 46/46 MP: 4/12
  4664 | D:4      | Noticed Ijyb
  4671 | D:4      | Killed Ijyb
  5286 | D:5      | Entered Level 5 of the Dungeon
  5516 | D:5      | Gained mutation: You have very sharp fingernails. [demonic
                  | ancestry]
  5516 | D:5      | Reached XP level 7. HP: 51/51 MP: 6/13
  5644 | D:5      | Reached skill level 1 in Long Blades
  5869 | D:5      | Paralysed by an orc priest for 5 turns
  5937 | D:5      | Reached skill level 1 in Dodging
  6324 | D:6      | Learned a level 4 spell: Olgreb's Toxic Radiance
  6351 | D:6      | Reached skill level 5 in Spellcasting
  6519 | D:6      | Gained mutation: You are mostly covered in thin metallic
                  | scales. (AC +3) [demonic ancestry]
  6519 | D:6      | Reached XP level 8. HP: 44/57 MP: 9/16
  6743 | D:6      | Noticed Eustachio
  6799 | D:6      | Killed Eustachio
  7318 | D:6      | Reached skill level 1 in Armour
  7769 | D:6      | Identified 3 scrolls of acquirement
  8239 | D:7      | Found Nioxoi's Assorted Antiques.
  8258 | D:7      | Bought a scroll labeled XIT FECIFFA for 25 gold pieces
  8279 | D:7      | Found a white marble altar of Elyvilon.
  8282 | D:7      | Found a hide-covered altar of Uskayaw.
  8284 | D:7      | Found a glowing golden altar of the Shining One.
  8461 | D:7      | Found a stormy altar of Qazlal.
  8472 | D:7      | Found a glowing silver altar of Zin.
  8875 | D:8      | Found a basalt altar of Yredelemnul.
  9003 | D:8      | Noticed Erica
  9875 | D:7      | HP: 2/58 [poisoned by a water moccasin]
  9881 | D:8      | HP: 1/58 [poisoned by a water moccasin]
  9883 | D:8      | Succumbed to a water moccasin's poison

Levels and vault maps discovered:
D:1:      dpeg_arrival_long_road, layout_basic, st_stairs_3
D:2:      layout_loops_ring, lemuel_doored_altar
D:3:      layout_basic, nicolae_gozag_seed_capital
D:4:      layout_loops_ring, regret_index_temple_of_mockery,
          overflow_temple_1_default, minmay_temple_entry_gardened_gates,
          uniq_ijyb
D:5:      layout_loops_ring, first_ration
D:6:      layout_basic, uniq_eustachio
D:7:      layout_cave_pools, zin_academy, grunt_temple_overflow_open,
          serial_shops, shop, nicolae_qazlal_general_emergency
D:8:      layout_basic, lemuel_zombie_altar_yredelemnul,
          erik_lair_orcish_takeover, serial_undead, serial_undead_b,
          serial_undead_b, serial_undead_f, serial_undead_d, uniq_erica

Skill      XL: |  1  2  3  4  5  6  7  8 |
---------------+-------------------------+-----
Short Blades   | 1 |  1.4
Conjurations   | 1 2 3 4 |  4.2
Spellcasting   | 3 4 5 |  5.9
Air Magic      | 1 2 3 |  3.2
Poison Magic   | 2 3 4 |  4.5
Long Blades    | 2 3 |  3.4
Dodging        | 1 |  1.5
Armour         | 2 |  2.3
Fighting       | 3 |  3.1
Staves         | |  1.0
Stealth        | |  2.6
Shields        | |  1.0

Action                   |  1- 3 |  4- 6 |  7- 9 || total
-------------------------+-------+-------+-------++-------
Melee: Dagger            |    58 |       |       ||    58
       Short sword       |    34 |    76 |     1 ||   111
       Falchion          |       |    30 |   255 ||   285
Throw: Dart              |       |     4 |       ||     4
       Boomerang         |       |       |    51 ||    51
 Cast: Poisonous Vapours |    26 |    89 |    67 ||   182
       Mephitic Cloud    |       |       |     5 ||     5
Evoke: Wand              |       |       |     1 ||     1
  Use: Scroll            |       |     4 |    18 ||    22
       Potion            |       |       |     8 ||     8
 Stab: Sleeping          |     2 |     4 |     2 ||     8
       Distracted        |     1 |       |       ||     1
       Confused          |       |       |    12 ||    12
  Eat: Chunk             |     2 |    16 |     5 ||    23
       Ration            |     1 |       |     3 ||     4
Armor: Robe              |    32 |    75 |    24 ||   131
       Leather armour    |       |       |    86 ||    86
       Skin              |       |       |    22 ||    22
Dodge: Dodged            |    60 |    92 |   169 ||   321
       Rpst.: Falchion   |       |     6 |    56 ||    62

Table legend:
 A = Non-vault XP
 B = Vault XP
 C = Vault XP percentage of total XP
 D = Non-vault monster count
 E = Vault monster count
 F = Vault count percentage of total count
                 A         B        C        D         E       F
            +---------+---------+-------+---------+---------+-------
      Total |    2403 |     296 |  11.0 |     151 |       9 |   5.6
            +---------+---------+-------+---------+---------+-------
        D:1 |      37 |       5 |  11.9 |      15 |       3 |  16.7
        D:2 |      61 |       0 |   0.0 |      23 |       0 |   0.0
        D:3 |     248 |       0 |   0.0 |      44 |       0 |   0.0
        D:4 |     137 |      36 |  20.8 |      16 |       1 |   5.9
        D:5 |     655 |       0 |   0.0 |      22 |       0 |   0.0
        D:6 |     593 |     191 |  24.4 |      14 |       1 |   6.7
        D:7 |     486 |       0 |   0.0 |      10 |       0 |   0.0
        D:8 |     186 |      64 |  25.6 |       7 |       4 |  36.4
            +---------+---------+-------+---------+---------+-------
